 Dungeon Crawl Stone Soup version 0.31-a0-210-gccc998df9b (webtiles) character file.

Game seed: 11274397066247450211

1257 Brandom the Stinger (level 8, -14/69 HPs)
             Began as a Naga Venom Mage on June 30, 2023.
             Demolished by an ogre
             ... wielding a +0 giant club
              (32 damage)
             ... on level 5 of the Dungeon.
             The game lasted 00:32:00 (5814 turns).

Brandom the Stinger (Naga Venom Mage)               Turns: 5814, Time: 00:32:00

Health: -14/69     AC:  7    Str: 10    XL:     8   Next: 51%
Magic:  9/13       EV: 10    Int: 17    God:
Gold:   272        SH:  3    Dex: 13    Spells: 4/14 levels left

rFire   . . .        v - +4 flail (drain)
rCold   . . .        l - +0 buckler
rNeg    . . .        a - +0 robe
rPois   +            q - +0 helmet
rElec   .            (no cloak)
rCorr   +            i - +2 pair of gloves
SInv    +            (no barding)
Will    +....        e - amulet of regeneration
Stlth   ++           D - ring of resist corrosion
HPRegen 1.11/turn    (no ring)
MPRegen 0.13/turn

%: no passive effects
@: very slow
A: AC +2, large, see invisible, deformed body, poison resistance, slowness 2,
spit poison 1, naga tail 1
a: Spit Poison


You were on level 5 of the Dungeon.
You visited 2 branches of the dungeon, and saw 6 of its levels.

You collected 272 gold pieces.

Inventory:

Hand Weapons
 f - a +0 short sword
   (You took it off a kobold on level 1 of the Dungeon)
 v - a +4 flail of draining (weapon)
   (You took it off an orc on level 3 of the Dungeon)
Armour
 a - a +0 robe (worn)
 d - a +0 leather armour
   (You took it off an orc on level 3 of the Dungeon)
 g - a +0 leather armour
   (You found it on level 1 of the Dungeon)
 i - a +2 pair of gloves (worn)
   (You found it on level 2 of the Dungeon)
 k - a +0 ring mail
   (You found it on level 2 of the Dungeon)
 l - a +0 buckler (worn)
   (You found it on level 2 of the Dungeon)
 p - a +0 chain mail
   (You found it on level 3 of the Dungeon)
 q - a +0 helmet (worn)
   (You took it off Robin on level 2 of the Dungeon)
 s - a +0 robe
   (You took it off Jessica on level 3 of the Dungeon)
 w - a +0 ring mail
   (You found it on level 3 of the Dungeon)
 x - a +0 leather armour
   (You took it off an orc on level 3 of the Dungeon)
 z - a +0 robe
   (You found it on level 3 of the Dungeon)
 A - a +1 ring mail of fire resistance
   (You took it off Ijyb on level 3 of the Dungeon)
 E - a +0 ring mail
   (You found it on level 4 of the Dungeon)
 F - a +0 leather armour
   (You found it on level 4 of the Dungeon)
 G - a +0 robe
   (You found it on level 4 of the Dungeon)
 H - a +0 plate armour
   (You found it on level 4 of the Dungeon)
 I - a +0 ring mail
   (You found it on level 4 of the Dungeon)
 J - a +0 scale mail
   (You took it off Edmund on level 5 of the Dungeon)
 M - a +0 robe
   (You took it off an orc wizard on level 4 of the Dungeon)
 N - a +0 ring mail
   (You took it off an orc on level 5 of the Dungeon)
 O - a +0 chain mail
   (You found it on level 5 of the Dungeon)
 P - a +0 scale mail
   (You found it on level 5 of the Dungeon)
Jewellery
 e - an amulet of regeneration (around neck)
   (You took it off an orc on level 3 of the Dungeon)
 D - a ring of resist corrosion (left hand)
   (You found it on level 4 of the Dungeon)
Wands
 r - a wand of polymorph (12)
   (You took it off Robin on level 2 of the Dungeon)
 B - a wand of charming (5)
   (You took it off Ijyb on level 3 of the Dungeon)
Scrolls
 h - a scroll of immolation {unknown}
 m - a scroll of vulnerability {unknown}
 y - a scroll of torment {unknown}
 C - a scroll of enchant weapon {unknown}
 K - a scroll of silence {unknown}
 L - a scroll of fog {unknown}
Potions
 b - 3 potions of magic
 c - a potion of curing {@q1}
 j - a potion of might
 n - a potion of brilliance
 o - a potion of enlightenment
 t - 4 potions of heal wounds {@q2}
 u - a potion of mutation {unknown}
 Q - a potion of lignification {unknown}


   Skills:
 + Level 3.5 Fighting
 + Level 3.4 Dodging
 - Level 3.0 Stealth
 + Level 3.6 Spellcasting
 + Level 1.8 Conjurations
 - Level 2.0 Summonings
 + Level 2.9 Translocations
 - Level 2.0 Transmutations
 + Level 2.8 Air Magic
 + Level 6.2 Poison Magic
 + Level 2.9 Evocations


You had 4 spell levels left.
You knew the following spells:

 Your Spells              Type           Power      Damage    Failure   Level
a - Sting                 Tmut/Pois      68%        1d6       4%          1
b - Poisonous Vapours     Pois/Air       36%        N/A       6%          2
c - Blink                 Tloc           26%        N/A       11%         2
d - Summon Small Mammal   Summ           36%        N/A       11%         1
e - Mephitic Cloud        Conj/Pois/Air  15%        N/A       16%         3
f - Shock                 Conj/Air       44%        1d5       10%         1

Your spell library contained the following spells:

 Spells                   Type           Power      Damage    Failure   Level
 Apportation              Tloc           26%        N/A       8%          1
 Lesser Beckoning         Tloc           26%        N/A       11%         2
 Momentum Strike          Conj/Tloc      22%        3d8       14%         2
 Kiss of Death            Conj/Necr      24%        2d7       17%         1
 Olgreb's Toxic Radiance  Pois           24%        N/A       19%         4
 Swiftness                Air            12%        N/A       22%         3
 Necrotise                Necr           12%        1d4       26%         1
 Confusing Touch          Hex            3%         N/A       58%         3
 Airstrike                Air            6%         2d(1-17)  58%         4
 Manifold Assault         Tloc           13%        N/A       58%         4
 Dispel Undead            Necr           3%         3d7       94%         4
 Storm Form               Tmut/Air       5%         N/A       100%        7


Dungeon Overview and Level Annotations

Branches:
Dungeon (5/15)             Temple (1/1) D:5

Altars:
Elyvilon
Hepliaklqana
Qazlal
Ru
Sif Muna
Yredelemnul
Zin

Shops:
D:1 (   D:5 (

Annotations:
D:3 4 runed translucent doors, Crazy Yiuf; Reshi88's ghost, amateur SpHs
D:5 Eustachio
Temple 2 transporters


Innate Abilities, Weirdness & Mutations

Your serpentine skin is tough. (AC +2)
You have supernaturally acute eyesight. (SInv)
Armour fits poorly on your strangely shaped body.
Your system is resistant to poisons. (rPois)
You cover ground very slowly.
You can spit poison.
You have a snake-like lower body.


Message History

The ogre attacks as you move away! The ogre closely misses you.
The jelly attacks as you move away! The jelly hits you but does no damage.
The ogre attacks as you move away! You block the ogre's attack.
The jelly barely misses you.
An adder comes into view.
The adder hisses angrily.
The jelly hits you but does no damage. The jelly attacks as you move away!
You block the jelly's attack. The jelly attacks as you move away!
The jelly hits you but does no damage. The adder barely misses you.
You block the jelly's attack. The jelly closely misses you.
The adder bites you. The jelly attacks as you move away!
You block the jelly's attack. x2
The adder bites you. The adder attacks as you move away!
You block the adder's attack. The adder bites you but does no damage.
The adder completely misses you. The adder attacks as you move away!
The adder closely misses you. The adder barely misses you.
The adder attacks as you move away!
The adder bites you but does no damage. x2
The ogre attacks as you move away! The ogre hits you with a +0 giant club!
The adder attacks as you move away!
The adder bites you but does no damage. x2
The adder closely misses you.
There is a stone staircase leading down here.
The adder barely misses you. The ogre attacks as you move away!
The ogre hits you with a +0 giant club!!
* * * LOW HITPOINT WARNING * * *
The adder bites you but does no damage. The adder barely misses you.
The adder attacks as you move away! The adder bites you but does no damage.
The adder bites you but does no damage. The adder barely misses you.
The adder bites you but does no damage. The adder barely misses you.
The adder barely misses you. The ogre barely misses you.
The ogre attacks as you move away!
The ogre hits you with a +0 giant club!!
* * * LOW HITPOINT WARNING * * *
You don't know that spell.
Unknown command.
Hit: v) +4 flail (drain)
Press: ? - help, Dir - move target, f - ogre
Aim: an ogre, wielding a +0 giant club (about 25% to evade your +4 flail of draining)
Okay, then.
Press: ? - help, Shift-Dir - straight line, f - ogre
Aim: an ogre, wielding a +0 giant club (chance to affect: 56%)
The ogre resists with significant effort.
The ogre hits you with a +0 giant club!!
You die...

##### ####
##..........
....### #.#.....#
......## #..######
........
##.#########
........
##...........
###.....
##..##########
..###### ##..##
#... #...###
####.### #...
###>..### ###@...#
##..
###...######SO....#
#..
###......lo##...#
#.. ##....#####...#
##. ##..## #...# #.
#..## #..## #.
##..# #..# ## #..##
#..# #####..#
##..##


You could see an ogre, an iguana, an adder and an orc.

Vanquished Creatures
  Grinder (D:4)
  Prince Ribbit (D:5)
  An ice beast (D:5)
  4 scorpions
  A hound (D:5)
  A jelly (D:5)
  A sleepcap (D:5)
  Jessica (D:3)
  5 iguanas
  Ijyb (D:3)
  2 orc wizards
  Robin (D:2)
  4 gnolls (D:5)
  An ufetubus (D:4)
  9 orcs
  4 bats
  5 endoplasms
  4 giant cockroaches
  15 goblins
  3 hobgoblins
  8 jackals
  5 kobolds
  A quokka (D:3)
  2 ball pythons
  3 frilled lizards
  4 rats
88 creatures vanquished.

Vanquished Creatures (collateral kills)
  Edmund (D:5)
1 creature vanquished.

Grand Total: 89 creatures vanquished

Notes
Turn   | Place    | Note
-------+----------+-------------------------------------------
     0 | D:1      | Brandom the Naga Venom Mage began the quest for the Orb.
     0 | D:1      | Reached XP level 1. HP: 15/15 MP: 3/3
   197 | D:1      | Reached XP level 2. HP: 18/24 MP: 0/5
   389 | D:1      | Found Mexoereluo's Antique Weapon Boutique.
   475 | D:1      | Learned a level 2 spell: Poisonous Vapours
   907 | D:1      | Reached skill level 1 in Fighting
  1035 | D:2      | Reached XP level 3. HP: 31/31 MP: 4/6
  1503 | D:2      | Noticed Robin
  1512 | D:2      | Killed Robin
  1860 | D:2      | Reached skill level 1 in Air Magic
  2130 | D:2      | Learned a level 2 spell: Blink
  2181 | D:3      | Reached XP level 4. HP: 38/38 MP: 3/7
  2413 | D:3      | Noticed Jessica
  2428 | D:3      | Killed Jessica
  2573 | D:3      | Found a faded altar of an unknown god.
  2843 | D:3      | Noticed Ijyb
  2857 | D:3      | Killed Ijyb
  2858 | D:3      | Reached XP level 5. HP: 35/45 MP: 0/8
  2938 | D:3      | Found a runed translucent gate.
  2939 | D:3      | Found a runed translucent gate.
  2941 | D:3      | Found a runed translucent gate.
  2953 | D:3      | Learned a level 1 spell: Summon Small Mammal
  3022 | D:3      | Noticed Reshi88's ghost (amateur SpHs)
  3284 | D:3      | Found a runed translucent door.
  3285 | D:3      | Noticed Crazy Yiuf
  3673 | D:4      | Reached skill level 1 in Translocations
  3673 | D:4      | Reached skill level 5 in Poison Magic
  3869 | D:4      | Reached XP level 6. HP: 52/52 MP: 2/9
  4134 | D:4      | Noticed Grinder
  4138 | D:4      | Paralysed by Grinder for 2 turns
  4158 | D:4      | Killed Grinder
  4159 | D:4      | Reached skill level 1 in Summonings
  4159 | D:4      | Reached skill level 1 in Evocations
  4159 | D:4      | Reached XP level 7. HP: 59/61 MP: 3/11
  4350 | D:5      | Entered Level 5 of the Dungeon
  4350 | D:5      | Noticed Edmund
  4365 | D:5      | Killed Edmund
  4690 | D:4      | Learned a level 3 spell: Mephitic Cloud
  4762 | D:5      | Found Ugginirph's Weapon Shop.
  4962 | D:5      | Learned a level 1 spell: Shock
  4978 | D:5      | Noticed Prince Ribbit
  4999 | D:5      | Killed Prince Ribbit
  5000 | D:5      | Reached skill level 1 in Conjurations
  5000 | D:5      | Reached XP level 8. HP: 69/69 MP: 0/12
  5273 | D:5      | Reached skill level 6 in Poison Magic
  5389 | D:5      | Noticed Eustachio
  5560 | D:5      | Found a staircase to the Ecumenical Temple.
  5569 | Temple   | Entered the Ecumenical Temple
  5569 | Temple   | Found a transporter.
  5569 | Temple   | Found a transporter.
  5571 | Temple   | Found a transporter.
  5571 | Temple   | Found a transporter.
  5814 | D:5      | Demolished by an ogre

Illustrated notes

Levels and vault maps discovered:
D:1:      matt_arrival_los_fun, layout_loops_ring, serial_shops, shop,
          dk_noncrumbling_3
D:2:      layout_loops_cross, uniq_robin
D:3:      layout_basic, gammafunk_ghost_necromancy,
          chequers_ecumenical_altar_island, uniq_ijyb, uniq_crazy_yiuf_cottage,
          uniq_jessica
D:4:      layout_basic, kennysheep_generic_room_11, uniq_grinder
D:5:      layout_cave_pods, minmay_temple_entry_junction_2, serial_shops,
          nicolae_shop_hallway_plus, minmay_joined_circles, uniq_edmund,
          uniq_prince_ribbit1, uniq_pikel, uniq_eustachio
Temple:   hellmonk_temple_divided_pantheon

Skill      XL: |  1  2  3  4  5  6  7  8 |
---------------+-------------------------+-----
Fighting       | 1 2 3 |  3.5
Dodging        | 2 3 |  3.4
Air Magic      | 1 2 |  2.8
Transmutations | 2 |  2.0
Translocations | 1 2 |  2.9
Poison Magic   | 5 6 |  6.2
Summonings     | 1 2 |  2.0
Evocations     | 1 2 |  2.9
Spellcasting   | 3 |  3.6
Conjurations   | 1 |  1.8
Stealth        | |  3.0

Action                     |  1- 3 |  4- 6 |  7- 9 || total
---------------------------+-------+-------+-------++-------
  Melee: Short sword       |    30 |    13 |       ||    43
         Flail             |       |    20 |    37 ||    57
   Cast: Sting             |    51 |    17 |     7 ||    75
         Poisonous Vapours |       |    28 |    38 ||    66
         Summon Small Mamm |       |     6 |    10 ||    16
         Shock             |       |       |    11 ||    11
         Mephitic Cloud    |       |       |     1 ||     1
         Blink             |       |       |     1 ||     1
Ability: Spit Poison       |       |       |     2 ||     2
  Evoke: Wand              |       |       |     1 ||     1
    Use: Scroll            |     3 |     1 |       ||     4
         Potion            |       |     2 |     1 ||     3
   Stab: Sleeping          |     3 |       |       ||     3
 Armour: Robe              |     9 |    15 |    50 ||    74
  Dodge: Dodged            |    35 |    19 |    61 ||   115
  Block: Buckler           |     1 |     6 |    27 ||    34

Table legend: (Time is in decaauts)
 A = Elapsed time spent in this place.
 B = Non-inter-level travel time spent in this place.
 C = Inter-level travel time spent in this place.
 D = Time resting spent in this place.
 E = Time spent auto-exploring this place.
 F = Levels seen in this place.
 G = Mean time per level.
                   A        B        C        D        E       F      G
               +--------+--------+--------+--------+--------+-----+--------+
         Total |   7229 |   7090 |    139 |    801 |   4864 |   6 | 1204.8 |
       Dungeon |   7158 |   7019 |    139 |    801 |   4864 |   5 | 1431.6 |
        Temple |     70 |     70 |      0 |      0 |      0 |   1 |   70.0 |
               +--------+--------+--------+--------+--------+-----+--------+

Top non-repeatable levels by time:
     D:3: 1788 daAuts
     D:5: 1633 daAuts
     D:2: 1359 daAuts
     D:1: 1299 daAuts
     D:4: 1076 daAuts
  Temple: 70 daAuts
